 Dungeon Crawl Stone Soup version 0.20.1-1-g8b1a95d (webtiles) character file.

63 Linguinho the Sneak (level 3, -5/27 HPs)
             Began as a Demonspawn Assassin on Oct 30, 2017.
             Killed by divine providence
             ... invoked by an orc priest
              (14 damage)
             ... on level 3 of the Dungeon.
             The game lasted 00:02:42 (1698 turns).

Linguinho the Sneak (Demonspawn Assassin)           Turns: 1698, Time: 00:02:43

Health: -5/27      AC:  3    Str: 12    XL:     3   Next: 87%
Magic:  3/3        EV: 11    Int: 12    God:
Gold:   81         SH:  0    Dex: 14    Spells: 2/2 levels left

rFire    . . .     SeeInvis .   a - +2 dagger
rCold    . . .     Gourm    .   (no shield)
rNeg     . . .     Faith    .   c - +0 robe
rPois    .         Spirit   .   (no helmet)
rElec    .         Reflect  .   d - +0 cloak
rCorr    .         Harm     .   (no gloves)
MR       .....                  (no boots)
Stlth    +++.......             (no amulet)
Regen    0.1/turn               (no ring)
MPRegen  0.1/turn               (no ring)

@: no status effects
A: claws 1, talons 1
a: no special abilities


You were on level 3 of the Dungeon.
You were not hungry.

You visited 1 branch of the dungeon, and saw 3 of its levels.

You collected 81 gold pieces.

Inventory:

Hand Weapons
 a - a +2 dagger (weapon)
 b - a +0 blowgun
 v - a +0 short sword
Missiles
 e - 8 poisoned needles
 f - 2 curare-tipped needles
Armour
 c - a +0 robe (worn)
 d - a +0 cloak (worn)
 m - a +0 plate armour
 y - a +0 scale mail
Jewellery
 j - an uncursed ring of flight {unknown}
 r - an uncursed ring of stealth {unknown}
Scrolls
 i - 4 scrolls of identify {unknown}
 l - 2 scrolls of blinking {unknown}
 q - 2 scrolls of remove curse {unknown}
 s - 2 scrolls of recharging {unknown}
 u - a scroll of teleportation {unknown}
Potions
 k - a potion of agility {unknown}
 n - a potion of curing {unknown}
 t - a potion of resistance {unknown}
 w - a potion of degeneration {unknown}
 x - a potion of heal wounds {unknown}
Comestibles
 g - a bread ration
 h - a royal jelly
 o - a fruit
 p - a meat ration
 z - a chunk of flesh


   Skills:
 - Level 2.0 Fighting
 - Level 1.7 Short Blades
 - Level 1.7 Throwing
 - Level 0.8 Dodging
 + Level 5.2 Stealth


You had 2 spell levels left.
You didn't know any spells.

Dungeon Overview and Level Annotations

Branches:
Dungeon (3/15)

Altars:


Innate Abilities, Weirdness & Mutations

You have sharp fingernails.
You have sharp toenails.


Message History

The kobold completely misses you. The orc hits you with a hand axe!
The orc closely misses you.
An orc comes into view. It is wielding a club.
You hit the kobold.
The kobold is moderately wounded.
The kobold closely misses you.
The orc priest invokes the aid of Beogh against you.
You barely resist. The orc hits you but does no damage.
An orc priest comes into view. It is wielding a war axe.
You hit the kobold.
You kill the kobold!
The orc closely misses you.
The orc priest hits you with a short sword.
The orc barely misses you.
Things that are here:
a whip; a kobold corpse The orc priest calls down the wrath of Beogh upon you.
Beogh smites you!
Ouch! That really hurt!
You die...

#### #.##...# ..#
....$..# #.#
#.#....
#.#.##.####.#...
.........>.#.#..
........##.#.#.#
##...#####)#.#o###
...........@oo.)o#
.........#.#.#o#.#
.........#.#.#.# #
........ #.#.#.#
..... #.#.#.# ....
#.#.#.. ....
#...... ###.###


You could see 2 orc priests and 3 orcs.

Vanquished Creatures
  An adder (D:2)
  4 worms (D:2)
  2 dart slugs
  2 orcs (D:3)
  2 ball pythons (D:1)
  5 bats
  A giant cockroach (D:1)
  4 goblins
  3 hobgoblins
  3 jackals (D:1)
  3 frilled lizards
  4 kobolds
  4 rats
38 creatures vanquished.

Notes
Turn   | Place    | Note
-------+----------+-------------------------------------------
     0 | D:1      | Linguinho the Demonspawn Assassin began the quest for the Orb.
     0 | D:1      | Reached XP level 1. HP: 16/16 MP: 1/1
    62 | D:1      | Reached skill level 4 in Stealth
    81 | D:1      | Gained mutation: You have sharp fingernails. [demonic ancestry]
    81 | D:1      | Reached XP level 2. HP: 22/22 MP: 2/2
   737 | D:2      | Gained mutation: You have sharp toenails. [demonic ancestry]
   737 | D:2      | Reached XP level 3. HP: 25/27 MP: 3/3
  1189 | D:2      | Reached skill level 5 in Stealth
  1698 | D:3      | Killed from afar by an orc priest

Skill      XL: |  1  2  3 |
---------------+----------+-----
Stealth        | 4 5 |  5.2
Fighting       | |  2.0
Short Blades   | |  1.7
Throwing       | |  1.7
Dodging        | |  0.8

Action                   || total
-------------------------++-------
Melee: Dagger            ||   111
       Kick              ||    13
 Stab: Sleeping          ||    12
  Eat: Chunk             ||     2
Armor: Robe              ||    27
Dodge: Dodged            ||    75
